[Event "Titled Tuesday Blitz August 22 Late 2023"]
[White "Diano, Eden"]
[Black "Zaczek, Jonathon"]
[WhiteFideId "5203708"]
[BlackFideId "2607123"]
[WhiteElo "2509"]
[BlackElo "2121"]
[Result "1-0"]
[Round "5"]
[TimeControl "180+1"]
[Date "2023.08.22"]
[WhiteClock "0:01:41"]
[BlackClock "0:00:41"]
[Board "132"]

1. d4 Nf6 2. c4 g6 3. Nc3 d5 4. Bg5 Ne4 5. Nxe4 dxe4 6. Qd2 Bg7 7. e3 O-O 8. Ne2 Nd7 9. Nc3 h6 10. Bh4 g5 11. Bg3 f5 12. h4 e5 13. hxg5 hxg5 14. dxe5 Nxe5 15. O-O-O Qxd2+ 16. Rxd2 c6 17. Be2 Be6 18. Bxe5 Bxe5 19. Na4 b6 20. f3 f4 21. Rh6 Rf6 22. Rxf6 Bxf6 23. Rd6 Kf7 24. exf4 gxf4 25. fxe4 c5 26. Nc3 Bd4 27. Nd5 Rh8 28. Bf3 Rc8 29. Rxe6 Kxe6 30. Bg4+ Ke5 31. Bxc8 Kxe4 32. Bb7 Kd3 33. b3 Ke2 34. Nxf4+ 1-0


[Site "https://www.chess.com"]

[Event "Titled Tuesday Blitz August 22 Late 2023"]
[White "miraitrunks"]
[Black "Labussiere, Yago"]
[BlackFideId "2186969"]
[WhiteElo "1992"]
[BlackElo "2371"]
[Result "0-1"]
[Round "5"]
[TimeControl "180+1"]
[Date "2023.08.22"]
[WhiteClock "0:00:00"]
[BlackClock "0:00:05"]
[Board "133"]

1. e4 c5 2. Nc3 Nc6 3. Nge2 Nf6 4. d4 cxd4 5. Nxd4 d6 6. Be2 e5 7. Nb3 Be7 8. Be3 O-O 9. f3 a5 10. a4 Nb4 11. Nd5 Nfxd5 12. exd5 Bf5 13. Rc1 Bg6 14. c3 Na6 15. O-O f5 16. f4 Bf6 17. fxe5 Bxe5 18. Nd4 Qe7 19. Ne6 Rf7 20. Bg5 Bf6 21. Bf4 Nc7 22. Bc4 Qd7 23. Qf3 Be5 24. Bxe5 dxe5 25. Bb3 Qd6 26. Nxc7 Rxc7 27. c4 e4 28. Qf4 Qxf4 29. Rxf4 Rc5 30. Kf2 Rd8 31. Rc3 h5 32. Ke3 Bh7 33. Kd4 b6 34. h4 Kf7 35. Rc1 Ke7 36. Rcf1 Kd6 37. Rxf5 Bxf5 38. Rxf5 Re8 39. Ke3 Rc7 40. Rxh5 Kc5 41. Rg5 Kb4 42. Ba2 Kxa4 43. Rg4 Kb4 44. Rxe4 Rxe4+ 45. Kxe4 Kc5 46. g4 Kd6 47. b3 Rf7 48. Bb1 Rf1 49. Bd3 Rh1 50. h5 Rh4 51. Kf5 Rh3 52. Be4 Rxb3 53. g5 Rh3 54. Kg4 Re3 55. Bc2 Re2 56. Ba4 Re4+ 57. Kf5 Rxc4 58. h6 gxh6 59. g6 Rxa4 60. g7 Rd4 61. g8=Q Rxd5+ 62. Ke4 Rc5 63. Qf8+ Kc6 64. Qe8+ Kb7 65. Qd7+ Ka6 66. Qc8+ Kb5 67. Qd7+ Kb4 68. Kd3 h5 69. Qd8 b5 0-1


[Site "https://www.chess.com"]

[Event "Titled Tuesday Blitz August 22 Late 2023"]
[White "Koziorowicz, Michal"]
[Black "Kula, Robert"]
[WhiteFideId "21809194"]
[BlackFideId "1101218"]
[WhiteElo "2658"]
[BlackElo "2152"]
[Result "1-0"]
[Round "5"]
[TimeControl "180+1"]
[Date "2023.08.22"]
[WhiteClock "0:00:10"]
[BlackClock "0:00:13"]
[Board "134"]

1. d4 d5 2. c4 c6 3. Nf3 Nf6 4. Nc3 dxc4 5. a4 Bf5 6. e3 e6 7. Bxc4 Be7 8. O-O O-O 9. b3 Nbd7 10. Bb2 Ne4 11. Nxe4 Bxe4 12. Bd3 Nf6 13. Rc1 Qd5 14. Ne1 Rfd8 15. f3 Bxd3 16. Nxd3 Rac8 17. Nc5 b6 18. e4 Qh5 19. Nd3 Qh6 20. Qe2 Nh5 21. g3 Bd6 22. f4 f5 23. e5 Be7 24. Rc2 g5 25. Qf3 gxf4 26. Nxf4 Nxf4 27. Qxf4 Bg5 28. Qf3 Be3+ 29. Kh1 Bxd4 30. Bxd4 Rxd4 31. Rxc6 Rcd8 32. Qxf5 Qxh2+ 33. Kxh2 exf5 34. Rxf5 Rd2+ 35. Kh3 R2d3 36. Rc7 Rxb3 37. Rff7 Rdd3 38. Rg7+ Kf8 39. e6 h5 40. e7+ Kxg7 41. e8=Q+ Kf6 42. Rf7+ Kg5 43. Qg8+ Kh6 44. Rh7# 1-0


[Site "https://www.chess.com"]

[Event "Titled Tuesday Blitz August 22 Late 2023"]
[White "sebastianmarinp"]
[Black "Tanenbaum, Zachary"]
[BlackFideId "2060850"]
[WhiteElo "2410"]
[BlackElo "2696"]
[Result "0-1"]
[Round "5"]
[TimeControl "180+1"]
[Date "2023.08.22"]
[WhiteClock "0:00:00"]
[BlackClock "0:00:03"]
[Board "135"]

1. e4 e5 2. f4 exf4 3. Nf3 d6 4. d4 g5 5. h4 g4 6. Ng5 f6 7. Bxf4 fxg5 8. hxg5 Ne7 9. Nc3 Ng6 10. Be3 Bg7 11. Bc4 c6 12. Qe2 Qe7 13. O-O-O Be6 14. d5 Bf7 15. dxc6 bxc6 16. Bxf7+ Qxf7 17. Rxd6 O-O 18. Qxg4 Be5 19. Rd3 Bf4 20. g3 Bxe3+ 21. Rxe3 Nd7 22. e5 Ndxe5 23. Qh5 Rae8 24. Ne4 Nd7 25. Nd6 Rxe3 26. Nxf7 Rxf7 27. Qg4 Ref3 28. b3 Kg7 29. Qe6 Nde5 30. a4 Rxg3 31. Qd6 Rg2 32. Re1 Rff2 33. Rxe5 Rxc2+ 34. Kd1 Rcd2+ 35. Qxd2 Rxd2+ 36. Kxd2 Nxe5 0-1


[Site "https://www.chess.com"]

[Event "Titled Tuesday Blitz August 22 Late 2023"]
[White "Fiorito, Joaquin"]
[Black "Arnold, Ken"]
[WhiteFideId "180173"]
[BlackFideId "2056836"]
[WhiteElo "2613"]
[BlackElo "2403"]
[Result "1-0"]
[Round "5"]
[TimeControl "180+1"]
[Date "2023.08.22"]
[WhiteClock "0:02:52"]
[BlackClock "0:01:23"]
[Board "136"]

1. d4 Nf6 2. c4 c5 3. d5 e6 4. Nc3 exd5 5. cxd5 Bd6 6. g3 O-O 7. Bg2 Bc7 8. Nf3 d6 9. O-O Re8 10. Nd2 Ba5 11. a4 Bf5 12. Nc4 Bxc3 13. bxc3 Qc7 14. Bf4 Rd8 15. Re1 Be4 16. Bxe4 Nxe4 17. Qc2 Nf6 18. e4 h6 19. Nxd6 Rxd6 20. Bxd6 Qxd6 21. e5 Qxd5 22. exf6 g6 23. Rad1 Qg5 24. Rd8+ Kh7 25. Ree8 Qxf6 26. Rxb8 Rxb8 27. Rxb8 1-0


[Site "https://www.chess.com"]

[Event "Titled Tuesday Blitz August 22 Late 2023"]
[White "Grebeniuk, Semen"]
[Black "kaanadayhamle"]
[WhiteFideId "14117509"]
[WhiteElo "2571"]
[BlackElo "2368"]
[Result "1-0"]
[Round "5"]
[TimeControl "180+1"]
[Date "2023.08.22"]
[WhiteClock "0:00:05"]
[BlackClock "0:00:05"]
[Board "137"]

1. d4 Nf6 2. Nf3 d5 3. c4 c6 4. cxd5 cxd5 5. Nc3 Nc6 6. Bf4 Bf5 7. e3 a6 8. Rc1 Qb6 9. Bd3 Bxd3 10. Qxd3 e6 11. O-O Be7 12. Na4 Qa5 13. Qb3 O-O 14. Nb6 Rad8 15. Bc7 Bd6 16. Bxd8 Rxd8 17. Na4 Qc7 18. Nc5 Bxc5 19. Rxc5 Ne4 20. Rc2 g5 21. Ne5 h5 22. Rfc1 h4 23. Nxc6 bxc6 24. Rxc6 Qe7 25. Rc8 h3 26. gxh3 Rxc8 27. Rxc8+ Kg7 28. f3 Nd6 29. Rc2 Qf6 30. Rf2 Nf5 31. Qd3 Nh4 32. f4 Qd8 33. Qe2 gxf4 34. Rxf4 Ng6 35. Rg4 Qc7 36. h4 Qc1+ 37. Kg2 f5 38. Rg3 Kf6 39. h5 Ne7 40. Qf2 Qd1 41. Qf4 Qxh5 42. h4 Qe2+ 43. Kh3 Ng6 44. Qg5+ Kf7 45. Qxg6+ Ke7 46. Qg7+ Kd6 47. Qe5+ Kc6 48. Qf4 Kb5 49. Rg2 Qe1 50. Kh2 Kc4 51. Qg3 Qe2 52. b3+ Kb4 53. Rxe2 1-0


[Site "https://www.chess.com"]

[Event "Titled Tuesday Blitz August 22 Late 2023"]
[White "Bettalli, Francesco"]
[Black "Battlecruiser_Operational"]
[WhiteFideId "2816453"]
[WhiteElo "2513"]
[BlackElo "2357"]
[Result "1-0"]
[Round "5"]
[TimeControl "180+1"]
[Date "2023.08.22"]
[WhiteClock "0:02:03"]
[BlackClock "0:00:08"]
[Board "138"]

1. e4 e6 2. Nf3 d5 3. e5 c5 4. a3 Nc6 5. b4 cxb4 6. axb4 Bxb4 7. c3 Be7 8. d4 Nh6 9. Bxh6 gxh6 10. Bd3 h5 11. Qd2 h6 12. h4 a5 13. g3 b6 14. Na3 Ba6 15. Nb5 Qd7 16. O-O Kf8 17. Rfb1 Kg7 18. Ne1 Rhb8 19. Ng2 Na7 20. Nf4 Bxb5 21. Nxh5+ Kf8 22. Qxh6+ Ke8 23. Qh8+ Bf8 24. Nf6+ Ke7 25. Nxd7 Bxd7 26. Qf6+ Ke8 27. h5 Nc8 28. h6 1-0


[Site "https://www.chess.com"]

[Event "Titled Tuesday Blitz August 22 Late 2023"]
[White "Graif, William"]
[Black "Dubreuil, Julien"]
[WhiteFideId "2609835"]
[BlackFideId "621285"]
[WhiteElo "2513"]
[BlackElo "2348"]
[Result "1-0"]
[Round "5"]
[TimeControl "180+1"]
[Date "2023.08.22"]
[WhiteClock "0:00:19"]
[BlackClock "0:00:56"]
[Board "139"]

1. e4 c5 2. Nc3 Nc6 3. Bb5 Na5 4. Be2 Nc6 5. Bb5 Na5 6. Be2 Nc6 7. Nf3 Nd4 8. Nxd4 cxd4 9. Nb5 Qb6 10. c3 Nf6 11. e5 Ng4 12. cxd4 d6 13. Qa4 Bd7 14. Qb3 dxe5 15. Bxg4 Bxg4 16. dxe5 a6 17. Nd6+ Qxd6 18. exd6 exd6 19. Qxb7 Rd8 20. O-O Be7 21. Re1 Be6 22. d4 O-O 23. Qxe7 1-0


[Site "https://www.chess.com"]

[Event "Titled Tuesday Blitz August 22 Late 2023"]
[White "Antonio, Jorge Carlos"]
[Black "Bilan, Danila"]
[WhiteFideId "113190"]
[BlackFideId "24161918"]
[WhiteElo "2310"]
[BlackElo "2488"]
[Result "0-1"]
[Round "5"]
[TimeControl "180+1"]
[Date "2023.08.22"]
[WhiteClock "0:00:51"]
[BlackClock "0:00:21"]
[Board "140"]

1. d4 d5 2. Nf3 Nf6 3. Bf4 c5 4. e3 Nc6 5. c3 Qb6 6. Qb3 c4 7. Qxb6 axb6 8. Nbd2 b5 9. Be2 b4 10. O-O h6 11. a3 bxc3 12. bxc3 Bf5 13. Ne5 e6 14. f3 Nxe5 15. Bxe5 Kd7 16. Bxf6 gxf6 17. e4 Bg6 18. f4 f5 19. e5 Bxa3 20. Rfb1 Kc7 21. Kf2 Be7 22. Rxa8 Rxa8 23. Rb2 Ra1 24. Bf3 b6 25. h3 Ba3 26. Rb1 Ra2 27. Ke3 Bb2 28. Rg1 Bxc3 29. Nb1 Bb2 30. g4 Ra3+ 31. Ke2 Bxd4 32. gxf5 Ra2+ 33. Kf1 Bxf5 34. Rg7 Rf2+ 35. Ke1 Rxf3 36. Rxf7+ Kc6 37. Nd2 Bc3 38. Ke2 Rxh3 39. Nf1 Bd3+ 40. Kf2 Bd4+ 41. Kg2 Bxf1+ 42. Kxf1 c3 43. Rf6 c2 44. Rxe6+ Kc5 45. Kg2 Re3 46. Re8 Kc4 47. Rc8+ Bc5 48. f5 c1=Q 49. e6 Qd2+ 50. Kh1 Re1# 0-1


[Site "https://www.chess.com"]

[Event "Titled Tuesday Blitz August 22 Late 2023"]
[White "GAO"]
[Black "The_Straightforward_Rook"]
[WhiteElo "2276"]
[BlackElo "2461"]
[Result "1-0"]
[Round "5"]
[TimeControl "180+1"]
[Date "2023.08.22"]
[WhiteClock "0:00:16"]
[BlackClock "0:00:14"]
[Board "141"]

1. e4 e5 2. Nf3 Nc6 3. Bc4 Bc5 4. c3 Nf6 5. d3 a6 6. O-O Ba7 7. Re1 h6 8. d4 d6 9. a4 Bg4 10. Be3 O-O 11. d5 Bxe3 12. Rxe3 Ne7 13. h3 Bd7 14. b4 Ng6 15. Nbd2 Nh7 16. Bd3 Nf4 17. Bc2 g5 18. Nf1 g4 19. hxg4 Bxg4 20. N1h2 Qd7 21. Qf1 Bh5 22. Nh4 Kh8 23. Nf5 Rg8 24. Rg3 Ne2+ 25. Kh1 Nxg3+ 26. fxg3 Rg6 27. Nh4 Rxg3 28. Nf5 Rg6 29. Qf2 Rag8 30. Qh4 Nf6 31. Rg1 Kh7 32. g4 Bxg4 33. Nxg4 Nxg4 34. Rxg4 Qe8 35. Bd1 Qf8 36. Rxg6 Rxg6 37. Bh5 Rg5 38. Bxf7 Rxf5 39. exf5 Qxf7 40. Qg4 Qxd5+ 41. Kh2 Qd2+ 42. Kh1 Qg5 43. Qe4 Qf4 44. Qxb7 Qxf5 45. Qxc7+ Kg6 46. Qxd6+ Qf6 47. Qxf6+ Kxf6 48. a5 Kf5 49. b5 axb5 50. a6 e4 51. a7 e3 52. Kg2 e2 53. Kf2 e1=Q+ 54. Kxe1 Ke4 55. a8=Q+ Kd3 56. Qc6 Kc2 57. Qc5 1-0


[Site "https://www.chess.com"]

[Event "Titled Tuesday Blitz August 22 Late 2023"]
[White "KSho99"]
[Black "Pinto, Daniel"]
[BlackFideId "3303144"]
[WhiteElo "2226"]
[BlackElo "2437"]
[Result "0-1"]
[Round "5"]
[TimeControl "180+1"]
[Date "2023.08.22"]
[WhiteClock "0:00:00"]
[BlackClock "0:00:02"]
[Board "142"]

1. Nf3 c5 2. Nc3 Nc6 3. d4 cxd4 4. Nxd4 Nf6 5. g3 e5 6. Ndb5 d6 7. Bg2 Be7 8. Bg5 a6 9. Bxf6 gxf6 10. Na3 h5 11. h4 f5 12. Nc4 Be6 13. Nd5 f4 14. gxf4 exf4 15. Qd2 Rg8 16. Bf3 Ne5 17. Nxe5 dxe5 18. O-O-O Kf8 19. Qc3 Rc8 20. Qxe5 Bxh4 21. Qxh5 Bf6 22. Nxf4 Qc7 23. Nxe6+ fxe6 24. Qh6+ Bg7 25. Qd2 Qb6 26. Qd6+ Qxd6 27. Rxd6 Ke7 28. Rb6 Rc7 29. Rxb7 Rxb7 30. Bxb7 a5 31. Rh7 Kd6 32. Be4 Bd4 33. e3 Rg1+ 34. Kd2 Bxb2 35. Rb7 Ba3 36. Rb6+ Ke7 37. Bd3 Ra1 38. Ra6 Rxa2 39. Bc4 Bb4+ 40. Kd3 Ra3+ 41. Kd4 Bc3+ 42. Kc5 e5 0-1


[Site "https://www.chess.com"]

[Event "Titled Tuesday Blitz August 22 Late 2023"]
[White "Nielsen, Viktor Haarmark"]
[Black "Florianovitz, Derlei Alex"]
[WhiteFideId "1444492"]
[BlackFideId "2114178"]
[WhiteElo "2428"]
[BlackElo "2210"]
[Result "0-1"]
[Round "5"]
[TimeControl "180+1"]
[Date "2023.08.22"]
[WhiteClock "0:01:36"]
[BlackClock "0:01:43"]
[Board "143"]

1. d4 Nf6 2. c4 e6 3. Nc3 Bb4 4. e3 c5 5. Bd2 d6 6. Nf3 Nc6 7. a3 Bxc3 8. Bxc3 Qe7 9. d5 exd5 10. cxd5 Nb8 11. Bc4 O-O 12. O-O a6 13. a4 Ne4 14. Nd2 Nxc3 15. bxc3 Nd7 16. Be2 Nf6 17. c4 Bd7 18. Qb3 Rfb8 19. Qb6 Bf5 20. Rfc1 h6 21. a5 Kf8 22. Ra3 Nd7 23. Qb2 b6 24. axb6 Rxb6 25. Rb3 Rab8 26. Qc3 Nf6 27. Ra1 Ne4 28. Nxe4 Rxb3 0-1


[Site "https://www.chess.com"]

[Event "Titled Tuesday Blitz August 22 Late 2023"]
[White "Wieczorek, Zbigniew"]
[Black "chessmateto"]
[WhiteFideId "1102001"]
[WhiteElo "2177"]
[BlackElo "2426"]
[Result "1/2-1/2"]
[Round "5"]
[TimeControl "180+1"]
[Date "2023.08.22"]
[WhiteClock "0:00:04"]
[BlackClock "0:00:09"]
[Board "144"]

1. g3 d5 2. Bg2 Nf6 3. c4 c6 4. cxd5 cxd5 5. Nf3 Nc6 6. d4 Bf5 7. a3 e6 8. O-O Bd6 9. Nc3 a6 10. b4 b5 11. Bf4 O-O 12. Rc1 Rc8 13. Bxd6 Qxd6 14. e3 Nd7 15. Nh4 Bg6 16. Nxg6 hxg6 17. e4 dxe4 18. Nxe4 Qxd4 19. Qb3 Nde5 20. Rfd1 Qb6 21. Nd6 Rc7 22. Rc5 Na5 23. Qc3 Nac4 24. Rxe5 Nxd6 25. Rc5 Nc4 26. Rxc7 Qxc7 27. Rc1 Rd8 28. h3 Qd6 29. Bf1 Ne5 30. Re1 f6 31. Bg2 Nc4 32. a4 Qd2 33. Qxd2 Rxd2 34. axb5 axb5 35. Bc6 Nd6 36. Rxe6 Kf7 37. Re3 Rd4 38. Rb3 Ke6 39. Bf3 Ke5 40. Kg2 Nc4 41. Be2 Nd2 42. Rb2 Rd5 43. Bf3 Nxf3 44. Kxf3 Kd4 45. Kg4 Kc4 46. h4 Rd4+ 47. Kf3 Kc3 48. Rb1 Rxb4 49. Rc1+ Kd2 50. Rc7 Rb3+ 51. Kg4 Rb4+ 52. Kh3 Rc4 53. Rxg7 b4 54. Rxg6 b3 55. Rxf6 Rb4 56. Rd6+ Ke2 57. Re6+ Kf1 58. Rd6 Ke2 59. Re6+ Kxf2 60. Rf6+ Kg1 61. Re6 b2 62. Re1+ Kf2 63. Rb1 Kf3 64. h5 Ke2 65. g4 Kd2 66. Kh4 Kc2 67. Rxb2+ Kxb2 68. h6 Kc3 69. Kh5 Kd4 70. h7 Rb1 71. Kg6 Rh1 72. g5 Ke5 73. Kg7 Kf5 74. g6 Kg5 75. h8=N Rxh8 76. Kxh8 Kxg6 1/2-1/2


[Site "https://www.chess.com"]

[Event "Titled Tuesday Blitz August 22 Late 2023"]
[White "Colpe, Malte"]
[Black "Powell, Paul"]
[WhiteFideId "24623075"]
[BlackFideId "2005840"]
[WhiteElo "2421"]
[BlackElo "2125"]
[Result "1-0"]
[Round "5"]
[TimeControl "180+1"]
[Date "2023.08.22"]
[WhiteClock "0:01:14"]
[BlackClock "0:00:00"]
[Board "145"]

1. e4 c5 2. Nc3 Nc6 3. Nf3 g6 4. Bb5 Nd4 5. Nxd4 cxd4 6. Ne2 Bg7 7. O-O a6 8. Ba4 e6 9. c3 dxc3 10. Nxc3 Ne7 11. d4 b5 12. Bb3 d6 13. Bg5 h6 14. Bh4 O-O 15. a3 Bb7 16. f4 Qd7 17. Kh1 Nc6 18. d5 Na5 19. dxe6 fxe6 20. Ba2 Nc4 21. Qe2 Rac8 22. Rad1 Qc7 23. f5 exf5 24. exf5 Rce8 25. Qg4 g5 26. Bg3 Qc6 27. Nd5 Bf6 28. Qh5 Bg7 29. Qg6 Ne5 30. Nf6+ 1-0


[Site "https://www.chess.com"]

[Event "Titled Tuesday Blitz August 22 Late 2023"]
[White "Bogaudinov, Rushan"]
[Black "Perske, Thore"]
[WhiteFideId "4129288"]
[BlackFideId "12902195"]
[WhiteElo "2369"]
[BlackElo "2672"]
[Result "0-1"]
[Round "5"]
[TimeControl "180+1"]
[Date "2023.08.22"]
[WhiteClock "0:00:00"]
[BlackClock "0:02:07"]
[Board "146"]

1. d4 d5 2. c4 e5 3. dxe5 d4 4. e3 Bb4+ 5. Bd2 dxe3 6. fxe3 Qh4+ 7. g3 Qe4 8. Qf3 Bxd2+ 9. Nxd2 Qxe5 10. Qf4 Nc6 11. Qxe5+ Nxe5 12. O-O-O Be6 13. Be2 O-O-O 14. h3 Nf6 15. Ngf3 Nd3+ 16. Bxd3 Rxd3 0-1


[Site "https://www.chess.com"]

[Event "Titled Tuesday Blitz August 22 Late 2023"]
[White "Merino Garcia, Rafael II"]
[Black "Karttunen, Mika"]
[WhiteFideId "2209128"]
[BlackFideId "502081"]
[WhiteElo "2366"]
[BlackElo "2623"]
[Result "0-1"]
[Round "5"]
[TimeControl "180+1"]
[Date "2023.08.22"]
[WhiteClock "0:00:26"]
[BlackClock "0:00:50"]
[Board "147"]

1. d4 Nf6 2. Nf3 e6 3. g3 d5 4. Bg2 c5 5. c4 Nc6 6. cxd5 exd5 7. O-O h6 8. Nc3 Be6 9. a3 c4 10. Ne5 Be7 11. Nxc4 dxc4 12. d5 Nxd5 13. Nxd5 O-O 14. Nxe7+ Qxe7 15. Be3 Rfd8 16. Qa4 Nd4 17. Bxd4 Rxd4 18. Rfd1 Rxd1+ 19. Rxd1 a6 20. Qa5 Rc8 21. Qb6 Rc7 22. h3 g6 23. e3 h5 24. h4 c3 25. bxc3 Rxc3 26. Rd8+ Kh7 27. Qd4 Rc1+ 28. Kh2 f6 29. Bxb7 Qxb7 0-1


[Site "https://www.chess.com"]

[Event "Titled Tuesday Blitz August 22 Late 2023"]
[White "Guerra Tulcan, Lenin"]
[Black "Jakubowska, Anna"]
[WhiteFideId "3601382"]
[BlackFideId "1121952"]
[WhiteElo "2541"]
[BlackElo "2357"]
[Result "1-0"]
[Round "5"]
[TimeControl "180+1"]
[Date "2023.08.22"]
[WhiteClock "0:00:51"]
[BlackClock "0:00:00"]
[Board "148"]

1. e4 Nf6 2. e5 Nd5 3. c4 Nb6 4. a4 a5 5. d4 d6 6. exd6 cxd6 7. Ra3 Nc6 8. Rg3 e5 9. Nf3 e4 10. Ng5 Bf5 11. Be2 h6 12. Nh3 Qf6 13. Be3 d5 14. c5 Nc4 15. Bxc4 dxc4 16. Nc3 O-O-O 17. Nb5 Bxc5 18. Qc2 Bb4+ 19. Ke2 Bxh3 20. gxh3 Qe6 21. Rxg7 Qxh3 22. Qxe4 Rhe8 23. Qf3 Qxf3+ 24. Kxf3 Re7 25. Rc1 Rd5 26. Rxc4 Rf5+ 27. Ke2 Kd7 28. Rc1 h5 29. Kd3 Ne5+ 30. Ke4 Ng6+ 31. Kxf5 1-0


[Site "https://www.chess.com"]

[Event "Titled Tuesday Blitz August 22 Late 2023"]
[White "KorolDimitriy75"]
[Black "Jin, Ashton"]
[BlackFideId "30931908"]
[WhiteElo "2346"]
[BlackElo "2537"]
[Result "1-0"]
[Round "5"]
[TimeControl "180+1"]
[Date "2023.08.22"]
[WhiteClock "0:00:03"]
[BlackClock "0:00:28"]
[Board "149"]

1. d4 Nf6 2. c4 g6 3. Nc3 d5 4. cxd5 Nxd5 5. e4 Nxc3 6. bxc3 Bg7 7. Nf3 c5 8. Rb1 O-O 9. Be2 cxd4 10. cxd4 Qa5+ 11. Qd2 Qxd2+ 12. Bxd2 Nc6 13. d5 Nd4 14. Nxd4 Bxd4 15. Bb4 Re8 16. Bb5 a5 17. Ba3 Bc3+ 18. Ke2 Kf8 19. Rhc1 Bd4 20. Bxe8 Kxe8 21. Rc7 Bd7 22. Rcxb7 Rc8 23. Rb8 Be5 24. Rxc8+ Bxc8 25. g3 g5 26. f3 f5 27. exf5 Bxf5 28. Rb5 Bc3 29. d6 e6 30. Rb8+ Kd7 31. Rb7+ Kd8 32. Bc5 e5 33. Bb6+ Ke8 34. Re7+ Kf8 35. Bc5 Bb4 36. Bxb4 axb4 37. Rb7 Ke8 38. Ke3 Bb1 39. Rxb4 Bxa2 40. Rb5 Kd7 41. Rxe5 h6 42. Re7+ Kxd6 43. Rh7 Ke5 44. Rxh6 Bd5 45. Rb6 Bc4 46. Rc6 Bf1 47. Rc5+ Kf6 48. f4 g4 49. Re5 Bg2 50. Rg5 Bf3 51. Kd4 Be2 52. Rh5 Bf3 53. h4 gxh3 54. Rxh3 Kf5 55. Rh4 Bg2 56. Ke3 Bd5 57. g4+ Kf6 58. Rh5 Bb7 59. Re5 Ba8 60. Kf2 Bc6 61. Kg3 Bb7 62. Kh4 Bc6 63. g5+ Kf7 64. f5 Ba4 65. Kg4 Kg7 66. Kf4 Bc2 67. Re7+ Kf8 68. f6 Bg6 69. Ke5 Bh5 70. Rg7 Ke8 71. Kf5 Kf8 72. g6 Bd1 73. Rc7 1-0


[Site "https://www.chess.com"]

[Event "Titled Tuesday Blitz August 22 Late 2023"]
[White "matenitian"]
[Black "Okike, David"]
[BlackFideId "8500134"]
[WhiteElo "2524"]
[BlackElo "2345"]
[Result "1-0"]
[Round "5"]
[TimeControl "180+1"]
[Date "2023.08.22"]
[WhiteClock "0:00:12"]
[BlackClock "0:00:56"]
[Board "150"]

1. e4 c5 2. Nc3 Nc6 3. Bb5 e6 4. Bxc6 dxc6 5. d3 e5 6. Be3 b6 7. Nge2 Nf6 8. O-O Ng4 9. Bd2 Bd6 10. h3 Nf6 11. f4 Qc7 12. Qe1 Nh5 13. f5 g6 14. g4 Nf4 15. Nxf4 exf4 16. e5 Bxe5 17. Bxf4 f6 18. Bxe5 fxe5 19. f6 O-O 20. Ne4 Be6 21. Qh4 Bd5 22. Ng5 Rf7 23. Nxf7 Qxf7 24. Rae1 Re8 25. Qg5 e4 26. c4 Be6 27. Rxe4 Rd8 28. Rfe1 Rd6 29. Qe5 Qd7 30. Rf1 Bf7 31. Qe7 Rxd3 32. Qxd7 Rxd7 33. b3 Kf8 34. Rf2 g5 35. Kh2 h6 36. Rfe2 Rd6 37. Rf2 b5 38. Re5 bxc4 39. bxc4 Bxc4 40. Rxc5 Bd5 41. Ra5 Rd7 42. Ra3 Kf7 43. Re3 Be6 44. Kg3 c5 45. h4 c4 46. hxg5 hxg5 47. Re5 Rd3+ 48. Kh2 Bxg4 49. Re7+ Kf8 50. Rc7 Be6 51. f7 Rd8 52. Rxa7 Rc8 53. Ra6 c3 54. Rxe6 c2 55. Re8+ Rxe8 56. fxe8=Q+ Kxe8 57. Rxc2 1-0


[Site "https://www.chess.com"]

[Event "Titled Tuesday Blitz August 22 Late 2023"]
[White "Han, Yichen"]
[Black "Ismayil, Malak"]
[WhiteFideId "1054430"]
[BlackFideId "13412604"]
[WhiteElo "2341"]
[BlackElo "2508"]
[Result "1-0"]
[Round "5"]
[TimeControl "180+1"]
[Date "2023.08.22"]
[WhiteClock "0:00:04"]
[BlackClock "0:00:01"]
[Board "151"]

1. d4 Nf6 2. Nf3 d5 3. c4 e6 4. g3 Be7 5. Bg2 O-O 6. O-O dxc4 7. Qc2 a6 8. a4 Bd7 9. Bg5 Bc6 10. Qxc4 Nbd7 11. Nc3 Nb6 12. Qd3 h6 13. Bxf6 Bxf6 14. a5 Nd7 15. e4 Nc5 16. Qe3 Nb3 17. Rad1 Nxa5 18. Qe2 b5 19. Qc2 Qd7 20. b3 b4 21. Ne2 Bb5 22. Rfe1 Rac8 23. Nf4 Rfd8 24. d5 e5 25. Nh5 Qe7 26. Bh3 Rb8 27. Nxf6+ Qxf6 28. Nh4 c6 29. Nf5 cxd5 30. exd5 Rbc8 31. Ne7+ Qxe7 32. Bxc8 Qd6 33. Bf5 Nb7 34. Rc1 Qf6 35. Be4 Nd6 36. Bg2 Rc8 37. Qb2 Re8 38. Qd2 a5 39. Qe3 Nf5 40. Qc5 Nd4 41. Rcd1 Bd7 42. Re3 Qa6 43. Rde1 f6 44. f4 Rc8 45. Qe7 Be8 46. d6 Nf5 47. Qe6+ Bf7 48. Qxf5 Rd8 49. d7 Qd6 50. fxe5 fxe5 51. Rxe5 Rxd7 52. Be4 Qd4+ 53. Kh1 g6 54. Qf6 Qd2 55. Bg2 Rd8 56. Re7 Bxb3 57. Qg7# 1-0


[Site "https://www.chess.com"]

[Event "Titled Tuesday Blitz August 22 Late 2023"]
[White "rionelG"]
[Black "Ansh M Shah"]
[BlackFideId "25033379"]
[WhiteElo "2337"]
[BlackElo "2505"]
[Result "1-0"]
[Round "5"]
[TimeControl "180+1"]
[Date "2023.08.22"]
[WhiteClock "0:01:17"]
[BlackClock "0:01:00"]
[Board "153"]

1. e4 c5 2. g3 g6 3. Bg2 Bg7 4. Ne2 Nc6 5. c3 d6 6. d4 cxd4 7. cxd4 Nf6 8. Nbc3 O-O 9. h3 a6 10. O-O Bd7 11. Be3 Rc8 12. f4 b5 13. e5 Ne8 14. Qd2 Na5 15. b3 Bc6 16. Ne4 Nc7 17. Qxa5 Nd5 18. Qxd8 Rfxd8 19. Bf2 Nb4 20. a3 Nd3 21. Rfd1 Nxf2 22. Kxf2 b4 23. a4 a5 24. Rac1 Bd5 25. Rxc8 Rxc8 26. Nxd6 Bxb3 27. Nxc8 Bxd1 28. Nxe7+ Kf8 29. Nc6 b3 30. Be4 f5 31. Bd3 b2 32. Nxa5 Bxa4 33. Nc4 g5 34. Nxb2 gxf4 35. gxf4 Bd7 36. d5 1-0


[Site "https://www.chess.com"]

[Event "Titled Tuesday Blitz August 22 Late 2023"]
[White "Harish, Neeraj"]
[Black "Jaskolka, Tomasz"]
[WhiteFideId "30958130"]
[BlackFideId "1170791"]
[WhiteElo "2333"]
[BlackElo "2503"]
[Result "1-0"]
[Round "5"]
[TimeControl "180+1"]
[Date "2023.08.22"]
[WhiteClock "0:00:25"]
[BlackClock "0:00:01"]
[Board "154"]

1. e4 c5 2. Nf3 e6 3. d4 cxd4 4. Nxd4 Nc6 5. Nc3 Qc7 6. Be3 a6 7. g4 Nge7 8. Qd2 Nxd4 9. Bxd4 Nc6 10. Be3 b5 11. O-O-O Bb7 12. Kb1 Be7 13. h4 Rd8 14. f4 O-O 15. h5 d5 16. exd5 Nb4 17. Bg2 Nxd5 18. Nxd5 Bxd5 19. Bxd5 Rxd5 20. Qe2 Rfd8 21. h6 g6 22. Rxd5 Rxd5 23. Rd1 Qd6 24. Rd3 Rxd3 25. cxd3 Qd5 26. Qc2 Qh1+ 27. Bc1 Qb7 28. a3 f6 29. Qc3 Kf7 30. g5 Qd7 31. b4 fxg5 32. fxg5 Qd5 33. Kc2 e5 34. Bb2 Bxg5 35. Qc7+ Be7 36. Qc8 Qg2+ 37. Kb3 Qd5+ 38. Kc2 Qg2+ 39. Kb3 Qd2 40. Qd7 Kf6 41. Qd5 Qe3 42. Qc6+ Kf5 43. Qd7+ Kf6 44. Qc6+ Kg5 45. Qd5 Bf6 46. Kc2 Kxh6 47. Bc1 Qxc1+ 48. Kxc1 Kg5 49. Qb7 h5 50. Qxa6 h4 51. Qxb5 h3 52. Qd5 Kh4 53. b5 Bg5+ 54. Kd1 Be3 55. Qe4+ Bf4 56. b6 g5 57. b7 g4 58. b8=Q Kg3 59. Qe1+ Kf3 60. Qb7+ e4 61. Qbxe4# 1-0


[Site "https://www.chess.com"]

[Event "Titled Tuesday Blitz August 22 Late 2023"]
[White "Ardila, Oscar Humberto"]
[Black "Vafin, Ayrat"]
[WhiteFideId "4404742"]
[BlackFideId "4146530"]
[WhiteElo "2319"]
[BlackElo "2496"]
[Result "0-1"]
[Round "5"]
[TimeControl "180+1"]
[Date "2023.08.22"]
[WhiteClock "0:01:19"]
[BlackClock "0:01:10"]
[Board "155"]

1. d4 d5 2. c4 e6 3. Nc3 Be7 4. Nf3 Nf6 5. Bg5 O-O 6. e3 h6 7. Bh4 Ne4 8. Bxe7 Qxe7 9. Nxe4 dxe4 10. Nd2 f5 11. Qc2 Nd7 12. Be2 c5 13. O-O b6 14. Qc3 Bb7 15. Nb3 f4 16. dxc5 f3 17. Bd1 Qg5 18. g3 Qg4 19. Kh1 Rf5 20. Nd4 Qh3 21. Bxf3 exf3 0-1


[Site "https://www.chess.com"]